 Dungeon Crawl Stone Soup version 0.28-a0-194-g42b4daccc1 (webtiles) character file.

Game seed: 7093822414165307913

296 Spaninq the Ruffian (level 6, -5/52 HPs)
             Began as a Ghoul Warper on Aug 18, 2021.
             Was a Follower of Fedhas.
             Slain by a yak (8 damage)
             ... on level 3 of the Dungeon.
             The game lasted 00:08:00 (3922 turns).

Spaninq the Ruffian (Ghoul Warper)                  Turns: 3922, Time: 00:08:01

Health: -5/52      AC: 10    Str: 17    XL:     6   Next: 35%
Magic:  7/7        EV: 10    Int:  8    God:    Fedhas [*.....]
Gold:   89         SH:  0    Dex:  8    Spells: 6/8 levels left

rFire   . . .      SeeInvis .     - Unarmed
rCold   + . .      Faith    .   (no shield)
rNeg    + + +      Spirit   .   j - +2 scale mail {rPois}
rPois   ∞          Reflect  .   k - +0 helmet
rElec   .          Harm     .   (no cloak)
rCorr   .          Rampage  .   (no gloves)
Will    .....                   i - +0 pair of boots
Stlth   ..........              (no amulet)
HPRegen 0.00/turn               (no ring)
MPRegen 0.10/turn               (no ring)

@: inhibited regen
A: claws 1, cold resistance 1, negative energy resistance 3, inhibited
regeneration, torment resistance 2
a: Renounce Religion


You were on level 3 of the Dungeon.
You worshipped Fedhas.
Fedhas was aware of your devotion.
You visited 1 branch of the dungeon, and saw 4 of its levels.

You collected 89 gold pieces.

Inventory:

Missiles
 c - 5 boomerangs of dispersal (quivered)
Armour
 i - a +0 pair of boots (worn)
 j - a +2 scale mail of poison resistance (worn)
 k - a +0 helmet (worn)
Wands
 a - a wand of flame (39)
 m - a wand of acid (10)
Scrolls
 b - 2 scrolls of blinking
 d - a scroll of noise {unknown}
 f - a scroll of identify {unknown}
 g - a scroll of amnesia {unknown}
 o - a scroll of acquirement {unknown}
Potions
 e - a potion of haste
 h - a potion of resistance {unknown}
 l - a potion of flight {unknown}
 n - a potion of curing {unknown}


   Skills:
 + Level 3.8 Fighting
 - Level 0.8 Throwing
 + Level 1.7 Armour
 + Level 2.5 Dodging
 * Level 5.2 Unarmed Combat
 - Level 1.7 Spellcasting
 - Level 2.6 Translocations
 + Level 1.6 Invocations


You had 6 spell levels left.
You knew the following spells:

 Your Spells              Type           Power      Damage    Failure   Level
a - Blink                 Tloc           N/A        N/A       54%         2

Your spell library contained the following spells:

 Spells                   Type           Power      Damage    Failure   Level
 Gell's Gravitas          Tloc           2%         N/A       77%         3
 Lesser Beckoning         Tloc           2%         N/A       77%         3
 Teleport Other           Tloc           5%         N/A       77%         3
 Manifold Assault         Tloc           5%         N/A       100%        5


Dungeon Overview and Level Annotations

Branches:
Dungeon (4/15)
 Temple: D:4-7

Altars:
Fedhas
Qazlal
Ru

Shops:
D:3 (

Annotations:
D:2 1 runed translucent door, Crazy Yiuf, Terence
D:3 1 runed translucent door, ZenoRockbell's ghost, amateur HOBe


Innate Abilities, Weirdness & Mutations

You thrive by killing the living.
You are immune to poison.
You have sharp fingernails.
Your flesh is cold resistant. (rC+)
You are immune to negative energy. (rN+++)
You do not regenerate when monsters are visible.
You are immune to unholy pain and torment.


Message History

The yak is lightly wounded.
The yak barely misses you.
You claw the yak!
The yak is moderately wounded.
The yak gores you.
You scratch the yak.
The yak is moderately wounded.
The yak barely misses you.
You scratch the yak.
The yak is heavily wounded.
You scratch the yak.
The yak is heavily wounded.
The yak gores you but does no damage.
You scratch the yak.
The yak is heavily wounded.
The yak gores you.
You closely miss the yak. Your claw misses the yak.
The yak is heavily wounded.
The yak gores you!
You scratch the yak.
The yak is severely wounded.
The yak gores you!
* * * LOW HITPOINT WARNING * * *
Your scale mail prevents you from hitting the yak.
The yak is severely wounded.
The yak gores you but does no damage.
You scratch the yak.
The yak is severely wounded.
The yak gores you.
* * * LOW HITPOINT WARNING * * *
The yak gores you.
* * * LOW HITPOINT WARNING * * *
You scratch the yak.
The yak is almost dead.
The yak closely misses you.
You barely miss the yak.
The yak is almost dead.
The yak gores you!
You die...
Fedhas appreciates your contribution to the ecosystem.

#####.### #.......#
#.......#
########.##....#
#........#.....###
#.######.##....... #.#
#.###.#.### #.#
#.###.#.## #@#
#........# #Y#
#####'##.## #Y####
##...##.. #####....#
##...<.#.≈ #........#
##......#.≈
#.###....###.......#.§
#.##..(....'.......#.≈
#.###....###.......#.≈
#.# #..#.# ##...>..#.≈


You could see 2 yaks.

Vanquished Creatures
  Sigmund (D:2)
  An iguana (D:3)
  Robin (D:1)
  An adder (D:2)
  2 worms (D:2)
  2 dart slugs
  5 ball pythons (D:1)
  9 bats
  4 endoplasms
  3 giant cockroaches (D:2)
  15 goblins
  7 hobgoblins
  2 jackals (D:1)
  8 kobolds
  2 quokkas (D:1)
  6 frilled lizards
  4 rats
73 creatures vanquished.

Vanquished Creatures (others)
  2 withered plants (D:3)
2 creatures vanquished.

Grand Total: 75 creatures vanquished

Notes
Turn   | Place    | Note
-------+----------+-------------------------------------------
     0 | D:1      | Spaninq the Ghoul Warper began the quest for the Orb.
     0 | D:1      | Reached XP level 1. HP: 17/17 MP: 2/2
   228 | D:1      | Reached XP level 2. HP: 23/25 MP: 3/3
   315 | D:1      | Reached skill level 3 in Unarmed Combat
   598 | D:1      | Reached XP level 3. HP: 13/30 MP: 4/4
  1314 | D:2      | Noticed Robin
  1448 | D:1      | Reached skill level 4 in Unarmed Combat
  1448 | D:1      | Reached XP level 4. HP: 34/38 MP: 5/5
  2144 | D:2      | Noticed Terence
  2171 | D:1      | Killed Robin
  2172 | D:1      | Reached skill level 1 in Armour
  2230 | D:2      | Found a runed translucent door.
  2231 | D:2      | Noticed Crazy Yiuf
  2272 | D:2      | Found a faded altar of an unknown god.
  2277 | D:2      | Became a worshipper of Fedhas Madash
  2277 | D:2      | Reached * piety under Fedhas
  2503 | D:2      | Noticed Sigmund
  2625 | D:2      | Killed Sigmund
  2626 | D:2      | Reached skill level 5 in Unarmed Combat
  2626 | D:2      | Reached skill level 1 in Invocations
  2626 | D:2      | Reached XP level 5. HP: 38/46 MP: 6/6
  2626 | D:2      | Reached XP level 6. HP: 43/52 MP: 7/7
  2890 | D:3      | Found a stormy altar of Qazlal.
  3266 | D:3      | Found a runed translucent door.
  3266 | D:3      | Noticed ZenoRockbell's ghost (amateur HOBe)
  3298 | D:3      | Found Xionyeru's Weapon Emporium.
  3420 | D:3      | Learned a level 2 spell: Blink
  3461 | D:3      | Found a sacrificial altar of Ru.
  3808 | D:4      | Noticed a yak
  3892 | D:4      | Noticed a yak
  3892 | D:4      | Noticed a yak
  3892 | D:4      | Noticed a yak
  3922 | D:3      | Slain by a yak

Illustrated notes

Levels and vault maps discovered:
D:1:      sevenhm_arrival_forest_fort_small_4, layout_loops_ring
D:2:      layout_loops_cross, chequers_ecumenical_altar_grove,
          uniq_crazy_yiuf_cottage, uniq_robin, uniq_terence, uniq_sigmund
D:3:      layout_loops_corners, mainiacjoe_overflow_paths,
          nicolae_ru_great_annihilating_truth, gammafunk_ghost_grave,
          serial_shops, shop
D:4:      layout_layer_cave

Skill      XL: |  1  2  3  4 |
---------------+-------------+-----
Unarmed Combat | 3 4 5 |  5.2
Fighting       | 3 |  3.8
Armour         | 1 |  1.7
Dodging        | 2 |  2.5
Invocations    | 1 |  1.6
Throwing       | |  0.8
Spellcasting   | |  1.7
Translocations | |  2.6

Action                   |  1- 3 |  4- 6 || total
-------------------------+-------+-------++-------
Melee: Unarmed           |   130 |   116 ||   246
       Punch             |     2 |     1 ||     3
 Stab: Paralysed         |       |     1 ||     1
Armor: Leather armour    |    35 |     6 ||    41
       Scale mail        |       |    24 ||    24
Dodge: Dodged            |    71 |    35 ||   106

Table legend: (Time is in decaauts)
 A = Elapsed time spent in this place.
 B = Non-inter-level travel time spent in this place.
 C = Inter-level travel time spent in this place.
 D = Time resting spent in this place.
 E = Time spent auto-exploring this place.
 F = Levels seen in this place.
 G = Mean time per level.
                   A        B        C        D        E       F      G
               +--------+--------+--------+--------+--------+-----+--------+
         Total |   3917 |   3731 |    186 |    469 |   2523 |   4 |  979.2 |
       Dungeon |   3917 |   3731 |    186 |    469 |   2523 |   4 |  979.2 |
               +--------+--------+--------+--------+--------+-----+--------+

Top non-repeatable levels by time:
     D:2: 1577 daAuts
     D:1: 1298 daAuts
     D:3: 941 daAuts
     D:4: 100 daAuts
